 Dungeon Crawl Stone Soup version 0.22-a0-433-gd2a9cce (webtiles) character file.

681 Firecrotchwizard the Cudgeler (level 7, -1/39 HPs)
             Began as a Vine Stalker Fighter on May 28, 2018.
             Was a Believer of Zin.
             Slain by a gnoll
             ... wielding a +2 whip of freezing
              (5 damage)
             ... on level 5 of the Dungeon.
             The game lasted 00:09:38 (3488 turns).

Firecrotchwizard the Cudgeler (VSFi)                Turns: 3488, Time: 00:09:38

Health: -1/39      AC: 12    Str: 20    XL:     7   Next: 61%
Magic:  0/8        EV:  5    Int:  8    God:    Zin [**....]
Gold:   307        SH:  9    Dex: 14    Spells: 6/6 levels left

rFire    . . .     SeeInvis .   a - +0 flail
rCold    + . .     Gourm    .   c - +0 shield
rNeg     . . .     Faith    .   v - +0 chain mail
rPois    .         Spirit   +   l - +0 helmet
rElec    .         Reflect  .   (no cloak)
rCorr    .         Harm     .   m - +0 pair of gloves
MR       .....                  t - +0 pair of boots
Stlth    ..........             (no amulet)
HPRegen  0.53/turn              e - ring of protection from cold {rC+, !d}
MPRegen  0.11/turn              (no ring)

@: no status effects
A: fangs 2, regeneration 1, magic shield, antimagic bite, no potion heal 3, rot
immunity
a: Recite, Vitalisation, Donate Gold, Renounce Religion


You were on level 5 of the Dungeon.
You worshipped Zin.
Zin was pleased with you.
You were not hungry.

You visited 2 branches of the dungeon, and saw 6 of its levels.

You collected 341 gold pieces.
You donated 34 gold pieces to Zin.

Inventory:

Hand Weapons
 a - a +0 flail (weapon)
 d - the +4 Vampire's Tooth {vamp}
   (You found it on level 4 of the Dungeon)

   It inflicts no extra harm, but heals its wielder when it wounds a living foe.
   Zin disapproves of the use of such an item.
Armour
 b - a +0 scale mail
 c - a +0 shield (worn)
 l - a +0 helmet (worn)
   (You took it off Robin on level 2 of the Dungeon)
 m - a +0 pair of gloves (worn)
   (You found it on level 1 of the Dungeon)
 p - a +2 leather armour of magic resistance
   (You took it off an orc on level 4 of the Dungeon)
 t - a +0 pair of boots (worn)
   (You found it on level 3 of the Dungeon)
 v - a +0 chain mail (worn)
   (You found it on level 3 of the Dungeon)
Jewellery
 e - a ring of protection from cold (left hand) {rC+, !d}
   (You found it on level 1 of the Dungeon)
Scrolls
 g - a scroll of fear {unknown}
 h - 3 scrolls of teleportation
 i - a scroll of enchant weapon {unknown}
 j - 2 scrolls of magic mapping {unknown}
 q - 2 scrolls of identify
 s - a scroll of remove curse
 u - 2 scrolls of random uselessness {unknown}
 w - a scroll of fog {unknown}
 x - 3 scrolls of immolation {unknown}
Potions
 k - 2 potions of brilliance {unknown}
 n - 2 potions of ambrosia {unknown}
 o - 2 potions of lignification {unknown}
 r - 3 potions of haste {unknown}
Comestibles
 f - 4 rations {@e1}


   Skills:
 + Level 5.0 Fighting
 - Level 2.5 Short Blades
 * Level 5.5 Maces & Flails
 - Level 2.4 Armour
 - Level 2.6 Shields
 + Level 0.2 Invocations


You had 6 spell levels left.
You didn't know any spells.
Your spell library contained the following spells:

 Spells                   Type           Power        Failure   Level  Hunger
 Confuse                  Hex            #.......     100%        3    ####...
 Tukima's Dance           Hex            #.......     100%        3    ####...
 Ensorcelled Hibernation  Hex/Ice        #.....       100%        2    ###....
 Corona                   Hex            #......      100%        1    ##.....
 Dazzling Spray           Conj/Hex       #.....       100%        3    ####...


Dungeon Overview and Level Annotations

Branches:
Dungeon (5/15)             Temple (1/1) D:4

Altars:
Cheibriados
Gozag
Makhleb
Okawaru
Sif Muna
Trog
Uskayaw
Zin
The Shining One


Innate Abilities, Weirdness & Mutations

You have extremely sharp teeth.
Your natural rate of healing is unusually fast.
When hurt, damage is shared between your health and your magic reserves.
Your bite disrupts and absorbs the magic of your enemies.
Potions cannot restore your health.
You are immune to rotting.


Message History

Okay, then.
Done exploring.
Done exploring.
(D) Dungeon (T) Temple
Where to? (Enter - D:4, ? - help)
There is a stone staircase leading down here.
You climb downwards.
There is a stone staircase leading up here.
No target in view!
No target in view!
h - 3 scrolls of teleportation (gained 1)
f - 4 rations {@e1} (gained 1)
You pay a tithe of 2 gold.
You now have 307 gold pieces (gained 19).
A gnoll comes into view. It is wielding a halberd.
The gnoll shouts!
You hear a shout! x2
A gnoll comes into view. It is wielding a halberd.
A gnoll comes into view. It is wielding a whip of freezing.
A gnoll comes into view. It is wielding a spear.
The gnoll shouts!
You hear a shout!
A gnoll comes into view. It is wielding a club.
A gnoll comes into view. It is wielding a flail.
Here: a gnoll, wielding a whip of freezing The floor.
A worker ant comes into view.
The worker ant twitches its antennae in your direction.
There is a stone staircase leading up here.
You block the worker ant's attack. The gnoll hits you with a halberd!
There is a stone staircase leading up here.
You take 6 damage, and have 33/39 hp.
You now have 6/8 mp.
The gnoll shouts!
The worker ant barely misses you.
The gnoll throws a throwing net.
The throwing net hits you.
You become entangled in the net!
You stop ascending the stairs.
The gnoll hits you with a halberd! The worker ant barely misses you.
You take 10 damage, and have 23/39 hp.
MASSIVE DAMAGE!!
You now have 4/8 mp.
You struggle against the net.
The gnoll shouts!
The worker ant bites you but does no damage.
The gnoll hits you with a whip of freezing.
The gnoll freezes you.
You take 4 damage, and have 19/39 hp.
You now have 3/8 mp.
You struggle against the net.
The gnoll hits you but does no damage.
The worker ant bites you but does no damage.
The gnoll hits you but does no damage.
You struggle against the net.
The gnoll hits you with a halberd. The worker ant completely misses you.
The gnoll hits you but does no damage.
You take 1 damage, and have 18/39 hp.
You now have 2/8 mp.
You shred the net and break free!
The gnoll hits you from afar with a halberd.
You block the worker ant's attack. You block the gnoll's attack.
The gnoll barely misses you.
You take 2 damage, and have 16/39 hp.
Your chain mail prevents you from hitting the worker ant.
You block the worker ant's attack. The gnoll hits you but does no damage.
You block the gnoll's attack. The worker ant bites you.
The gnoll barely misses you.
You take 2 damage, and have 14/39 hp.
You hit the worker ant. Your bite misses the worker ant.
You block the gnoll's attack. The worker ant closely misses you.
The gnoll hits you with a whip of freezing.
* * * LOW HITPOINT WARNING * * *
The worker ant completely misses you.
You take 3 damage, and have 11/39 hp.
You sock the worker ant!
You kill the worker ant!
The gnoll barely misses you. You block the gnoll's attack.
The gnoll hits you but does no damage. You block the gnoll's attack.
The gnoll hits you with a halberd.
* * * LOW HITPOINT WARNING * * *
You take 2 damage, and have 9/39 hp.
You now have 2/8 mp.
The gnoll hits you with a halberd!
* * * LOW HITPOINT WARNING * * *
You see here a worker ant corpse.
You take 5 damage, and have 4/39 hp.
You now have 1/8 mp.
You clear your throat and prepare to recite. "In a great set of silver scales are weighed the..."
You block the gnoll's attack. The gnoll hits you but does no damage.
The gnoll hits you from afar with a halberd.
* * * LOW HITPOINT WARNING * * *
The gnoll closely misses you.
You take 1 damage, and have 3/39 hp.
You now have 0/8 mp.
You hit the gnoll. "...souls of the squalid dregs, and with their contaminated..."
The gnoll is dazed by your recitation.
The gnoll shouts!
The gnoll is dazed by your recitation.
The gnoll is no longer dazed.
The gnoll hits you but does no damage.
The gnoll is lost in a daze.
The gnoll hits you with a flail.
* * * LOW HITPOINT WARNING * * *
You block the gnoll's attack. x2
You hit the gnoll. You bite the gnoll. You drain its power.
You feel invigorated. "...ways, the balance hath tipped against them!"
You finish reciting Abominations 11:63.
The gnoll hits you with a whip of freezing!
You die...

##.. #. ... .
#.####..#. ......... #
#..#...## #.#..#....
.#
........###########..
#.#.##.#.....g@.......
#........###.ggg......
######.#.# #..g....###
#.#.# #.......#
####.#.# #.......#
#....#.# #.......+
#....#.# ###.#..P#
#...##.# #.#...#
##.###.# #.#...#


You could see 5 gnolls.

Vanquished Creatures
  2 ogres (D:4)
  2 vampire bats
  A crimson imp (D:4)
  A hound (D:4)
  An orc wizard (D:4)
  An iguana (D:4)
  Natasha (thrice) (D:2)
  Terence (D:1)
  2 worker ants
  Robin (D:2)
  A gnoll (D:1)
  6 adders
  An ooze (D:4)
  2 worms
  A dart slug (D:3)
  3 leopard geckos
  7 orcs
  11 bats
  A giant cockroach (D:3)
  3 hobgoblins
  3 jackals (D:3)
  7 kobolds
  5 frilled lizards
  12 goblins
  A quokka skeleton (D:4)
  5 rats
84 creatures vanquished.

Vanquished Creatures (others)
  A plant (D:5)
1 creature vanquished.

Grand Total: 85 creatures vanquished

Notes
Turn   | Place    | Note
-------+----------+-------------------------------------------
     0 | D:1      | Firecrotchwizard the Vine Stalker Fighter began the quest for the Orb.
     0 | D:1      | Reached XP level 1. HP: 11/11 MP: 2/2
   143 | D:1      | Reached skill level 2 in Maces & Flails
   212 | D:1      | Reached XP level 2. HP: 12/16 MP: 1/3
   430 | D:1      | Reached skill level 3 in Fighting
   891 | D:2      | Reached XP level 3. HP: 20/20 MP: 4/4
  1040 | D:2      | Reached skill level 3 in Maces & Flails
  1055 | D:2      | Noticed Natasha
  1062 | D:2      | Killed Natasha
  1062 | D:2      | Gained mutation: Your natural rate of healing is unusually fast. [Vine Stalker growth]
  1062 | D:2      | Reached XP level 4. HP: 8/24 MP: 3/5
  1132 | D:2      | Noticed Natasha
  1144 | D:2      | Killed Natasha
  1243 | D:2      | Noticed Terence
  1257 | D:2      | Noticed Robin
  1426 | D:1      | Killed Terence
  1426 | D:1      | Reached XP level 5. HP: 23/28 MP: 6/6
  1436 | D:2      | Killed Robin
  1436 | D:2      | Reached skill level 4 in Maces & Flails
  1664 | D:2      | Noticed Natasha
  1667 | D:2      | Killed Natasha
  2444 | D:3      | Reached skill level 4 in Fighting
  2702 | D:4      | Noticed an ogre
  2721 | D:3      | Reached XP level 6. HP: 33/33 MP: 5/7
  2784 | D:4      | Reached skill level 5 in Maces & Flails
  2887 | D:4      | Found the +4 Vampire's Tooth {vamp}
  2929 | D:4      | Reached skill level 1 in Short Blades
  2929 | D:4      | Reached XP level 7. HP: 31/38 MP: 6/8
  3097 | D:4      | Reached skill level 2 in Short Blades
  3267 | D:4      | Found a staircase to the Ecumenical Temple.
  3278 | D:4      | Reached skill level 5 in Fighting
  3289 | Temple   | Entered the Ecumenical Temple
  3313 | Temple   | Became a worshipper of Zin the Law-Giver
  3313 | Temple   | Reached * piety under Zin
  3341 | D:4      | Reached ** piety under Zin
  3399 | D:5      | Entered Level 5 of the Dungeon
  3484 | D:5      | HP: 9/39 [gnoll/halberd (2)]
  3485 | D:5      | HP: 4/39 [gnoll/halberd (6)]
  3488 | D:5      | Slain by a gnoll

Vault maps used:
D:1:      dpeg_arrival_orchard, nrook_uturn, hangedman_decor_push
D:2:      uniq_terence, uniq_natasha, uniq_robin
D:3:      kennysheep_generic_room_5
D:4:      temple_green, minmay_guarded_unrand_vampires_tooth
D:5:      corexii_shantytown, serial_shops, kennysheep_mini_moat,
          nicolae_shop_crystal, first_ration, roderic_batcave,
          uniq_blork_the_orc
Temple:   regret_index_temple_chain_breaker

Skill      XL: |  1  2  3  4  5  6  7 |
---------------+----------------------+-----
Maces & Flails | 2 3 4 5 |  5.5
Fighting       | 3 4 5 |  5.0
Short Blades   | 1 2 |  2.5
Armour         | |  2.4
Shields        | |  2.6
Invocations    | |  0.2

Action                   |  1- 3 |  4- 6 |  7- 9 || total
-------------------------+-------+-------+-------++-------
Melee: Flail             |    72 |   131 |     5 ||   208
       Bite              |    16 |    27 |    14 ||    57
       Dagger            |       |     9 |    51 ||    60
Invok: Recite            |       |       |     1 ||     1
  Use: Scroll            |     2 |     1 |       ||     3
       Potion            |       |     1 |       ||     1
  Eat: Chunk             |     1 |     6 |       ||     7
       Ration            |       |     2 |       ||     2
Armor: Scale mail        |    31 |    25 |       ||    56
       Chain mail        |       |    47 |    30 ||    77
Dodge: Dodged            |    30 |    40 |    12 ||    82
Block: Shield            |    38 |    83 |    30 ||   151

Table legend:
 A = Spawn XP
 B = Non-spawn XP
 C = Spawn XP percentage of total XP
 D = Spawn monster count
 E = Non-spawn monster count
 F = Spawn count percentage of total count
 G = Total turns spent on level
                    A         B        C        D         E        F      G
               +---------+---------+-------+---------+---------+-------+---------
         Total |       0 |     974 |   0.0 |       0 |      84 |   0.0 |  3488
               +---------+---------+-------+---------+---------+-------+---------
           D:1 |       0 |      73 |   0.0 |       0 |      18 |   0.0 |  1059
           D:2 |       0 |     174 |   0.0 |       0 |      20 |   0.0 |   790
           D:3 |       0 |     122 |   0.0 |       0 |      25 |   0.0 |   882
           D:4 |       0 |     571 |   0.0 |       0 |      20 |   0.0 |   632
           D:5 |       0 |      34 |   0.0 |       0 |       1 |   0.0 |    89
               +---------+---------+-------+---------+---------+-------+---------

Vault maps used:
D:1:      dpeg_arrival_orchard, nrook_uturn, hangedman_decor_push
D:2:      uniq_terence, uniq_natasha, uniq_robin
D:3:      kennysheep_generic_room_5
D:4:      temple_green, minmay_guarded_unrand_vampires_tooth
D:5:      corexii_shantytown, serial_shops, kennysheep_mini_moat,
          nicolae_shop_crystal, first_ration, roderic_batcave,
          uniq_blork_the_orc
Temple:   regret_index_temple_chain_breaker

Table legend:
 A = Turns spent in this place as a percentage of turns spent in the entire game.
 B = Non-inter-level travel turns spent in this place as a percentage of non-inter-level travel turns spent in the entire game.
 C = Inter-level travel turns spent in this place as a percentage of turns spent in this place.
 D = Turns resting spent in this place as a percentage of non-inter-level travel turns spent in this place.
 E = Turns spent auto-exploring this place as a percentage of non-inter-level travel turns spent in this place.
 F = Non-inter-level travel turns spent in this place divided by the number of levels of this place that you've seen.
                   A       B       C       D       E      F
               +-------+-------+-------+-------+-------+----------------------
         Total | 100.0 | 100.0 |   4.9 |  17.2 |  60.6 | 552.8
       Dungeon |  99.0 |  99.2 |   4.7 |  17.4 |  60.6 | 658.2
        Temple |   1.0 |   0.8 |  27.8 |   0.0 |  61.5 |  26.0
               +-------+-------+-------+-------+-------+----------------------

Table legend:
 A = Kills in this place as a percentage of kills in entire the game.
 B = Kills by you in this place as a percentage of kills by you in the entire game.
 C = Kills by friends in this place as a percentage of kills by friends in the entire game.
 D = Other kills in this place as a percentage of other kills in the entire game.
 E = Experience gained in this place as a percentage of experience gained in the entire game.
 F = Experience gained in this place divided by the number of levels of this place that you have seen.
                   A       B       C       D       E      F
               +-------+-------+-------+-------+-------+----------------------
         Total | 100.0 | 100.0 |   N/A |   N/A | 100.0 | 162.3
       Dungeon | 100.0 | 100.0 |   N/A |   N/A | 100.0 | 194.8
               +-------+-------+-------+-------+-------+----------------------
